AoeStats
← BARAKA wins!

Nomad

510849755Analyzed
4v4 RM · 7h ago on Oct 2, 2026· 38m 44s· 8 players
Game mode
Random Map
Map size
231×231
Population
200
Speed
Normal
Resources
Standard
Victory
Conquest
Starting age
Dark Age
Ending age
Imperial Age
RankedLock teamsTeams togetherTeam positionsShared explorationLock speedFull tech treeHidden civsTurbo modeCheats
Victory
Defeat
🇵🇱 Malians · Poland
1307
+16
🇵🇹 Khmer · Portugal
1286
+17
🇺🇸 Italians · United States
1271
+18
🇮🇱 Vietnamese · Israel
1228
+19
🇲🇪 Varangians · Montenegro
1312
-18
🇲🇪 Vietnamese · Montenegro
1311
-18
🇲🇪 Saxons · Montenegro
1305
-17
🇲🇪 Mongols · Montenegro
1291
-17
GoodFunHaveLuck
13:50 Feudal Age
17:48 Castle Age
20:19 Loom
21:36 Double-Bit Axe
27:25 Fletching
treehugger
4:36 Loom
13:29 Feudal Age
14:30 Double-Bit Axe
18:02 Stone Mining
20:27 Castle Age
18:26 Gold Mining
18:33 Fishing Lines
19:25 Fletching
19:17 Horse Collar
21:44 Bodkin Arrow
22:51 Bow Saw
23:02 Gillnets
27:46 Padded Archer Armor
29:37 Town Watch
30:29 Wheelbarrow
40:47 Imperial Age
Mike
5:17 Loom
14:59 Feudal Age
16:08 Double-Bit Axe
16:05 Horse Collar
19:01 Castle Age
25:00 Wheelbarrow
24:26 Heavy Plow
25:16 Stone Mining
25:23 Fletching
25:34 Padded Archer Armor
26:02 Padded Archer Armor
26:00 Gold Mining
26:23 Bodkin Arrow
28:44 Hand Cart
30:46 Stone Shaft Mining
30:48 Thumb Ring
31:02 Leather Archer Armor
33:51 Imperial Age
32:09 Scale Barding Armor
33:55 Husbandry
34:11 Bloodlines
35:00 Bracer
35:28 Ballistics
36:09 Chemistry
35:47 Ring Archer Armor
36:36 Elite Skirmisher
38:19 Heavy Cavalry Archer
BARAKA wins!
4:30 Loom
14:14 Feudal Age
23:54 Castle Age
22:10 Double-Bit Axe
25:02 Horse Collar
28:02 Castle Age
33:08 Bow Saw
34:57 Wheelbarrow
34:49 Heavy Plow
37:15 Stone Mining
Emp
6:16 Loom
13:30 Feudal Age
18:16 Castle Age
16:20 Stone Mining
16:23 Fletching
17:03 Town Watch
17:50 Double-Bit Axe
23:41 Scale Mail Armor
28:34 Forging
38:04 Wheelbarrow
Mićaš
5:44 Loom
12:25 Feudal Age
14:24 Fishing Lines
22:39 Castle Age
24:18 Double-Bit Axe
26:55 Stone Mining
28:23 Bow Saw
28:05 Horse Collar
29:02 Fletching
31:47 Forging
33:45 Iron Casting
33:35 Husbandry
33:46 Bloodlines
33:46 Scale Barding Armor
36:41 Chain Barding Armor
Djokara
14:29 Feudal Age
19:57 Castle Age
17:22 Man-at-Arms
18:04 Fishing Lines
20:10 Scale Mail Armor
20:22 Forging
25:49 Iron Casting
25:58 Squires
28:04 Chain Mail Armor
27:38 Arson
29:35 Loom
38:39 Gambesons
38:47 Double-Bit Axe
strokac
4:22 Loom
13:36 Feudal Age
17:00 Double-Bit Axe
20:41 Fletching
24:28 Castle Age
22:56 Horse Collar
24:32 Crossbowman
30:38 Wheelbarrow
29:50 Town Watch
33:14 Ballistics
36:21 Bodkin Arrow
38:19 Padded Archer Armor
Connection lost

Rejoining the realm…

Still unreachable

The connection could not be restored.

Session expired

The server has moved on; the page needs a fresh start.